Lightning vs Canucks

Created - 3 février 2018 at 15:55

Goals
1 2 3 OT1 T
Lightning 0 1 0 0 1
Canucks 0 0 1 1 2
Shots
1 2 3 OT1 T
Lightning 18 12 3 1 34
Canucks 14 8 8 2 32

1st period

No Goal

Penalties :
Marc Staal (VAN) for Hooking (Minor) at 10:42, Eric Staal (TBL) for Interference (Minor) at 17:07

2nd period

1. Lightning , Corey Perry 22 (James Van Riemsdyk 26, Eric Staal 26) at 4:42

Penalties :
Greg Amadio (TBL) for Hooking (Minor) at 0:41, Karl Alzner (VAN) for Goalie Interference (Minor) at 8:34, Marc Staal (VAN) for Interference (Minor) at 11:07, Blake Comeau (TBL) for Hooking (Minor) at 11:07

3rd period

2. Canucks , Jordan Eberle 17 (Jannik Hansen 11, Alexander Edler 34) at 13:04 (PP)

Penalties :
Drew Doughty (TBL) for Cross-checking (Minor) at 3:33, Drew Doughty (TBL) for Holding (Minor) at 12:43, Alexander Edler (VAN) for Roughing (Minor) at 16:39

Overtime #1

3. Canucks , Jordan Eberle 18 (Alexander Edler 35, Cam Talbot) at 2:10

Penalties :
No Penalty

Goalie Stats

Devan Dubnyk (TBL), 30 saves from 32 shots - (0,938), OTL, 21-21-2, 62:11 minutes
Cam Talbot (VAN), 33 saves from 34 shots - (0,971), W, 26-17-2, 62:11 minutes

Players Stats for Lightning

Player Name              G  A  P  +/- PIM S  H  SB GA TA FO     MP     PP MP  PK MP  
------------------------------------------------------------------------------------
Andrew Cogliano          0  0  0   0  0   4  1  0  0  0  11/17  17:16   3:13   0:00 
Benoit Pouliot           0  0  0   0  0   2  1  0  0  0  0/0    11:51   2:44   0:43 
Blake Comeau             0  0  0   0  2   0  4  0  0  0  0/0     8:26   0:00   0:00 
Corey Perry              1  0  1   1  0   5  0  0  0  0  0/1    19:37   2:44   0:00 
Dany Heatley             0  0  0  -1  0   2  1  0  0  0  0/3    15:05   0:00   0:00 
David Jones              0  0  0   0  0   1  0  0  0  0  0/4    12:05   0:00   3:38 
Drew Doughty             0  0  0   0  4   1  3  2  0  0  0/0    23:38   3:26   1:45 
Elias Lindholm           0  0  0   0  0   0  0  0  0  0  4/11    8:24   0:00   0:00 
Eric Fehr                0  0  0   0  0   0  2  0  0  0  9/17   11:28   0:00   3:01 
Eric Staal               0  1  1   0  2   6  6  0  0  0  21/34  22:01   2:44   2:10 
Esa Lindell              0  0  0   1  0   0  0  0  0  0  0/0    17:04   2:31   0:03 
Greg Amadio              0  0  0   1  2   3  4  3  0  0  0/0    20:25   2:31   2:29 
James Van Riemsdyk       0  1  1   1  0   5  0  0  0  0  3/4    20:27   3:13   1:26 
Jared Spurgeon           0  0  0  -1  0   1  1  2  0  0  0/0    24:31   3:26   2:43 
Ron Hainsey              0  0  0   0  0   1  1  0  0  0  0/0    19:36   0:00   3:41 
Ryan Murray              0  0  0   0  0   1  0  0  0  0  0/0    16:54   0:00   1:55 
Sebastian Aho            0  0  0   0  0   0  0  0  0  0  0/2     8:36   0:00   0:12 
Thomas Vanek             0  0  0   0  0   2  0  1  0  0  0/1    20:47   3:13   1:26 

Players Stats for Canucks

Player Name              G  A  P  +/- PIM S  H  SB GA TA FO     MP     PP MP  PK MP  
------------------------------------------------------------------------------------
*Nolan Patrick           0  0  0   0  0   1  0  1  0  0  5/13   11:38   0:00   0:18 
Adam Henrique            0  0  0   1  0   7  2  1  0  0  2/5    18:54   2:55   0:00 
Adam McQuaid             0  0  0   0  0   0  0  1  0  0  0/0    15:57   0:34   2:06 
Alexander Edler          0  2  2   0  2   0  2  2  0  0  0/0    23:23   3:29   0:57 
Jaccob Slavin            0  0  0   0  0   1  0  2  0  0  0/0    22:07   4:03   2:14 
Jannik Hansen            0  1  1   0  0   1  3  0  0  0  1/2    16:06   3:23   2:25 
Jordan Eberle            2  0  2   0  0   5  0  0  0  0  0/1    20:13   3:23   0:00 
Karl Alzner              0  0  0  -1  2   1  1  2  0  0  0/0    23:40   2:15   1:31 
Logan Couture            0  0  0  -1  0   2  1  0  0  0  7/12   23:09   3:23   2:25 
Luke Glendening          0  0  0   0  0   1  0  0  0  0  6/9     8:30   0:00   3:14 
Marc Staal               0  0  0   0  4   0  3  1  0  0  0/0    19:03   2:15   1:23 
Micheal Haley            0  0  0   0  0   0  0  0  0  0  0/0     4:42   0:00   0:00 
Miles Wood               0  0  0   0  0   0  0  0  0  0  0/0    10:18   0:00   0:00 
Paul Martin              0  0  0   0  0   0  0  3  0  0  0/0    17:57   0:00   3:43 
Reilly Smith             0  0  0  -1  0   2  1  0  0  0  8/21   20:24   2:55   0:00 
Ryan Reaves              0  0  0   0  0   0  2  0  0  0  0/0     4:42   0:00   0:00 
T.J. Oshie               0  0  0   0  0   8  0  1  0  0  0/0    19:25   2:55   0:00 
Tomas Plekanec           0  0  0   0  0   3  0  0  0  0  17/31  18:25   0:00   3:32 

3 Stars

1 - Cam Talbot (VAN)
2 - Jordan Eberle (VAN)
3 - Devan Dubnyk (TBL)

Power Play

Lightning - 0 on 3 Attempt(s) - 0,00%
Canucks - 1 on 4 Attempt(s) - 25,00%

Penalty Kill

Lightning - 3 on 4 Attempt(s) - 75,00% - Score 0 goal in Penalty Kill
Canucks - 3 on 3 Attempt(s) - 100,00% - Score 0 goal in Penalty Kill

Team Stat

Lightning - Hits : 24 - Faceoff Wins : 48 - Blocked Shots : 8 - Penalty Minutes : 10
Canucks - Hits : 15 - Faceoff Wins : 46 - Blocked Shots : 14 - Penalty Minutes : 8

Official

Referees : Graham Skiliter and Geno Binda
Linesman : Mark Shewchyk and Anthony Falette

Game Notes

No Game Note

Finance

Level 1 -- Attendance: 3900 (60,00%) -- Ticket Income 663 000 $
Level 2 -- Attendance: 3300 (60,00%) -- Ticket Income 396 000 $
Level 3 -- Attendance: 1500 (60,00%) -- Ticket Income 135 000 $
Level 4 -- Attendance: 2700 (60,00%) -- Ticket Income 162 000 $
Luxury Box -- Attendance: 1672 (100,00%) -- Ticket Income 401 280 $
Game was played at the Rogers Arena.
Total Attendance: 13072 (63,24%)
Total Ticket Income: 1 757 280 $
Other Income: 861 067 $
Total Income: 2 618 347 $

Lightning

5 vs 5 Forward 
   Center                   Left Wing                Right Wing               Time % Phy DF OF 
 1 Eric Staal               James Van Riemsdyk       Corey Perry              34     0   1  4  
 2 Andrew Cogliano          Dany Heatley             Thomas Vanek             34     0   2  3  
 3 Elias Lindholm           Sebastian Aho            Benoit Pouliot           16     1   3  1  
 4 Eric Fehr                Blake Comeau             David Jones              16     1   3  1  

5 vs 5 Defense 
   Defense                  Defense                                           Time % Phy DF OF 
 1 Drew Doughty             Jared Spurgeon                                    36     0   3  2  
 2 Ron Hainsey              Ryan Murray                                       32     0   3  2  
 3 Greg Amadio              Esa Lindell                                       29     0   4  1  
 4 Greg Amadio              Esa Lindell                                       3      0   3  2  

PowerPlay Forward 
   Center                   Left Wing                Right Wing               Time % Phy DF OF 
 1 Eric Staal               Benoit Pouliot           Corey Perry              60     0   0  5  
 2 Andrew Cogliano          James Van Riemsdyk       Thomas Vanek             40     0   0  5  

PowerPlay Defense
   Defense                  Defense                                           Time % Phy DF OF 
 1 Drew Doughty             Jared Spurgeon                                    50     0   0  5  
 2 Greg Amadio              Esa Lindell                                       50     0   0  5  

Penalty Kill 4 Players Forward 
   Center                   Wing                     Time % Phy DF OF 
 1 Eric Staal               David Jones              60     0   5  0  
 2 Thomas Vanek             James Van Riemsdyk       40     0   5  0  

Penalty Kill 4 Players Defense
   Defense                  Defense                  Time % Phy DF OF 
 1 Drew Doughty             Jared Spurgeon           50     0   5  0  
 2 Ron Hainsey              Greg Amadio              50     0   5  0  

Penalty Kill - 3 Players Forward 
   Forward                                           Time % Phy DF OF 
 1 Eric Staal                                        50     0   5  0  
 2 David Jones                                       50     0   5  0  

Penalty Kill - 3 Players Defense
   Defense                  Defense                  Time % Phy DF OF 
 1 Drew Doughty             Jared Spurgeon           50     0   5  0  
 2 Ron Hainsey              Greg Amadio              50     0   5  0  

4 vs 4 Forward 
   Center                   Wing                     Time % Phy DF OF 
 1 Eric Staal               Corey Perry              50     0   1  4  
 2 James Van Riemsdyk       Thomas Vanek             50     0   2  3  

4 vs 4 Defense
   Defense                  Defense                  Time % Phy DF OF 
 1 Drew Doughty             Jared Spurgeon           50     0   4  1  
 2 Ron Hainsey              Greg Amadio              50     0   4  1  

Last Minutes Offensive
   Center                   Left Wing                Right Wing               Defense                  Defense                  
   Eric Staal               Thomas Vanek             Dany Heatley             Drew Doughty             Jared Spurgeon           

Last Minutes Defensive
   Center                   Left Wing                Right Wing               Defense                  Defense                  
   Eric Staal               Thomas Vanek             Dany Heatley             Drew Doughty             Jared Spurgeon           

Goaltenders
Starting : Devan Dubnyk             
Backup : Petr Mrazek              

Extra Forwards
Normal : Benoit Pouliot, Elias Lindholm, Blake Comeau - PP : Corey Perry, Eric Fehr - PK : Eric Fehr
Extra Defensemen
Normal : Drew Doughty, Esa Lindell, Ryan Murray - PP : Drew Doughty - PK : Ryan Murray, Drew Doughty
Penalty Shots
Eric Staal, Thomas Vanek, Dany Heatley, Corey Perry, James Van Riemsdyk
Custom OT Lines Forwards
Eric Staal, Thomas Vanek, Dany Heatley, Corey Perry, Andrew Cogliano, James Van Riemsdyk, Blake Comeau, Benoit Pouliot, Sebastian Aho, Eric Fehr
Custom OT Lines Defensemen
Drew Doughty, Jared Spurgeon, Ron Hainsey, Greg Amadio, Esa Lindell

Scratches
None

Canucks

5 vs 5 Forward 
   Center                   Left Wing                Right Wing               Time % Phy DF OF 
 1 Reilly Smith             Logan Couture            Jordan Eberle            38     0   2  3  
 2 Tomas Plekanec           Adam Henrique            T.J. Oshie               36     0   2  3  
 3 *Nolan Patrick           Miles Wood               Jannik Hansen            25     0   2  3  
 4 Luke Glendening          Micheal Haley            Ryan Reaves              1      0   3  2  

5 vs 5 Defense 
   Defense                  Defense                                           Time % Phy DF OF 
 1 Alexander Edler          Karl Alzner                                       40     0   2  3  
 2 Marc Staal               Jaccob Slavin                                     32     0   2  3  
 3 Paul Martin              Adam McQuaid                                      20     0   3  2  
 4 Paul Martin              Adam McQuaid                                      8      0   2  3  

PowerPlay Forward 
   Center                   Left Wing                Right Wing               Time % Phy DF OF 
 1 Adam Henrique            Reilly Smith             T.J. Oshie               55     0   1  4  
 2 Logan Couture            Jannik Hansen            Jordan Eberle            45     0   1  4  

PowerPlay Defense
   Defense                  Defense                                           Time % Phy DF OF 
 1 Jaccob Slavin            Alexander Edler                                   60     0   1  4  
 2 Karl Alzner              Marc Staal                                        40     0   1  4  

Penalty Kill 4 Players Forward 
   Center                   Wing                     Time % Phy DF OF 
 1 Tomas Plekanec           Luke Glendening          55     0   4  1  
 2 Logan Couture            Jannik Hansen            45     0   4  1  

Penalty Kill 4 Players Defense
   Defense                  Defense                  Time % Phy DF OF 
 1 Karl Alzner              Paul Martin              60     0   4  1  
 2 Alexander Edler          Jaccob Slavin            40     0   4  1  

Penalty Kill - 3 Players Forward 
   Forward                                           Time % Phy DF OF 
 1 Luke Glendening                                   55     0   4  1  
 2 Tomas Plekanec                                    45     0   4  1  

Penalty Kill - 3 Players Defense
   Defense                  Defense                  Time % Phy DF OF 
 1 Karl Alzner              Paul Martin              60     0   4  1  
 2 Alexander Edler          Jaccob Slavin            40     0   4  1  

4 vs 4 Forward 
   Center                   Wing                     Time % Phy DF OF 
 1 *Nolan Patrick           Reilly Smith             60     0   2  3  
 2 Adam Henrique            T.J. Oshie               40     0   2  3  

4 vs 4 Defense
   Defense                  Defense                  Time % Phy DF OF 
 1 Karl Alzner              Marc Staal               60     0   2  3  
 2 Jaccob Slavin            Paul Martin              40     0   2  3  

Last Minutes Offensive
   Center                   Left Wing                Right Wing               Defense                  Defense                  
   Logan Couture            Reilly Smith             Jordan Eberle            Alexander Edler          Jaccob Slavin            

Last Minutes Defensive
   Center                   Left Wing                Right Wing               Defense                  Defense                  
   Tomas Plekanec           Logan Couture            Luke Glendening          Karl Alzner              Paul Martin              

Goaltenders
Starting : Cam Talbot               
Backup : Chad Johnson             

Extra Forwards
Normal : Luke Glendening, Tomas Plekanec, Jannik Hansen - PP : Jannik Hansen, *Nolan Patrick - PK : *Nolan Patrick
Extra Defensemen
Normal : Paul Martin, Marc Staal, Alexander Edler - PP : Adam McQuaid - PK : Marc Staal, Adam McQuaid
Penalty Shots
Logan Couture, Jordan Eberle, Adam Henrique, T.J. Oshie, Alexander Edler
Custom OT Lines Forwards
Logan Couture, T.J. Oshie, Jordan Eberle, Adam Henrique, Jannik Hansen, Reilly Smith, *Nolan Patrick, Tomas Plekanec, Luke Glendening, Micheal Haley
Custom OT Lines Defensemen
Alexander Edler, Karl Alzner, Jaccob Slavin, Marc Staal, Paul Martin

Scratches
None


% Time on Ice - Lightning

Lines # - Real PCT - Wanted PCT - Time Play
Normal Forward
1 - 32% - 34% - 14:52
2 - 31% - 34% - 14:03
3 - 18% - 16% - 8:24
4 - 18% - 16% - 8:27
Normal Defense
1 - 36% - 36% - 16:17
2 - 33% - 32% - 14:59
3 - 30% - 29% - 13:43
4 - 2% - 3% - 0:47
PP Forward
1 - 46% - 60% - 2:44
2 - 54% - 40% - 3:13
PP Defense
1 - 58% - 50% - 3:26
2 - 42% - 50% - 2:31
PK Forward
1 - 77% - 60% - 4:52
2 - 23% - 40% - 1:26
PK Defense
1 - 44% - 50% - 2:46
2 - 56% - 50% - 3:32
PK3 Forward
1 - 0% - 50%
2 - 0% - 50%
PK3 Defense
1 - 0% - 50%
2 - 0% - 50%
44 Forward
1 - 53% - 50% - 1:03
2 - 47% - 50% - 0:56
44 Defense
1 - 53% - 50% - 1:03
2 - 47% - 50% - 0:56
Last Minute Offensive  - 0:00
Last Minute Defensive  - 0:00
Total
Forward - 60:00
Defense - 60:00

% Time on Ice - Canucks

Lines # - Real PCT - Wanted PCT - Time Play
Normal Forward
1 - 35% - 38% - 15:53
2 - 33% - 36% - 14:53
3 - 23% - 25% - 10:18
4 - 10% - 1% - 4:42
Normal Defense
1 - 37% - 40% - 17:02
2 - 34% - 32% - 15:27
3 - 22% - 20% - 10:16
4 - 7% - 8% - 3:01
PP Forward
1 - 46% - 55% - 2:55
2 - 54% - 45% - 3:23
PP Defense
1 - 64% - 60% - 4:03
2 - 36% - 40% - 2:15
PK Forward
1 - 59% - 55% - 3:32
2 - 41% - 45% - 2:25
PK Defense
1 - 60% - 60% - 3:33
2 - 40% - 40% - 2:24
PK3 Forward
1 - 0% - 55%
2 - 0% - 45%
PK3 Defense
1 - 0% - 60%
2 - 0% - 40%
44 Forward
1 - 81% - 60% - 1:36
2 - 19% - 40% - 0:23
44 Defense
1 - 81% - 60% - 1:36
2 - 19% - 40% - 0:23
Last Minute Offensive  - 0:00
Last Minute Defensive  - 0:00
Total
Forward - 60:00
Defense - 60:00

Play by Play

1st period


0:01 of 1st period - Eric Staal wins face-off versus Reilly Smith in neutral zone.
0:05 of 1st period - Off-side.
0:06 of 1st period - Andrew Cogliano wins face-off versus Tomas Plekanec in neutral zone.
0:06 of 1st period - Andrew Cogliano is hit by Adam Henrique.
0:10 of 1st period - Shot by Andrew Cogliano.
0:10 of 1st period - Stopped by Cam Talbot without a rebound.
0:11 of 1st period - Elias Lindholm wins face-off versus *Nolan Patrick in Canucks zone.
0:12 of 1st period - Shot by Greg Amadio.
0:12 of 1st period - Stopped by Cam Talbot without a rebound.
0:13 of 1st period - *Nolan Patrick wins face-off versus David Jones in Canucks zone.
0:13 of 1st period - *Nolan Patrick is hit by Blake Comeau.
1:03 of 1st period - Drew Doughty is hit by Jannik Hansen and loses puck.
1:22 of 1st period - Shot by Andrew Cogliano.
1:22 of 1st period - Shot Misses the Net.
1:24 of 1st period - Shot by Jared Spurgeon.
1:24 of 1st period - Shot Misses the Net.
2:18 of 1st period - Shot by Jordan Eberle.
2:18 of 1st period - Stopped by Devan Dubnyk without a rebound.
2:19 of 1st period - Tomas Plekanec wins face-off versus Sebastian Aho in Lightning zone.
2:46 of 1st period - T.J. Oshie is hit by Benoit Pouliot and loses puck.
3:23 of 1st period - Shot by James Van Riemsdyk.
3:23 of 1st period - Stopped by Cam Talbot without a rebound.
3:24 of 1st period - Andrew Cogliano wins face-off versus Reilly Smith in Canucks zone.
4:05 of 1st period - Jared Spurgeon is hit by Reilly Smith.
4:30 of 1st period - Jordan Eberle is hit by Ron Hainsey and loses puck.
4:41 of 1st period - Shot by Corey Perry.
4:41 of 1st period - Shot Misses the Net.
4:43 of 1st period - Shot by Eric Staal.
4:43 of 1st period - Stopped by Cam Talbot without a rebound.
4:44 of 1st period - Eric Fehr wins face-off versus Luke Glendening in Canucks zone.
4:45 of 1st period - Shot by David Jones.
4:45 of 1st period - Stopped by Cam Talbot without a rebound.
4:46 of 1st period - Tomas Plekanec wins face-off versus David Jones in Canucks zone.
4:46 of 1st period - Tomas Plekanec is hit by Blake Comeau.
4:54 of 1st period - Shot by Adam Henrique.
4:54 of 1st period - Stopped by Devan Dubnyk without a rebound.
4:55 of 1st period - Eric Staal wins face-off versus Tomas Plekanec in Lightning zone.
4:57 of 1st period - Icing by Corey Perry.
4:58 of 1st period - Tomas Plekanec wins face-off versus Eric Staal in Lightning zone.
5:01 of 1st period - Shot by T.J. Oshie.
5:01 of 1st period - Stopped by Devan Dubnyk without a rebound.
5:02 of 1st period - Tomas Plekanec wins face-off versus Corey Perry in Lightning zone.
5:38 of 1st period - Shot by Adam Henrique.
5:38 of 1st period - Stopped by Devan Dubnyk without a rebound.
5:39 of 1st period - Reilly Smith wins face-off versus Dany Heatley in Lightning zone.
5:46 of 1st period - Shot by Reilly Smith.
5:46 of 1st period - Shot Misses the Net.
5:50 of 1st period - Shot by Jordan Eberle.
5:50 of 1st period - Stopped by Devan Dubnyk with a rebound.
6:42 of 1st period - Shot by *Nolan Patrick.
6:42 of 1st period - Stopped by Devan Dubnyk without a rebound.
6:43 of 1st period - Tomas Plekanec wins face-off versus Elias Lindholm in Lightning zone.
7:23 of 1st period - Shot by Benoit Pouliot.
7:23 of 1st period - Stopped by Cam Talbot without a rebound.
7:24 of 1st period - Jannik Hansen wins face-off versus Eric Staal in Canucks zone.
7:59 of 1st period - Shot by Jannik Hansen.
7:59 of 1st period - Stopped by Devan Dubnyk with a rebound.
8:02 of 1st period - Icing by Esa Lindell.
8:03 of 1st period - Eric Staal wins face-off versus Reilly Smith in Lightning zone.
8:14 of 1st period - Shot by Eric Staal.
8:14 of 1st period - Deflect By James Van Riemsdyk.
8:14 of 1st period - Stopped by Cam Talbot with a rebound.
8:16 of 1st period - Shot by James Van Riemsdyk.
8:16 of 1st period - Stopped by Cam Talbot with a rebound.
8:18 of 1st period - Shot by Corey Perry.
8:18 of 1st period - Shot Misses the Net.
8:28 of 1st period - Shot by Logan Couture.
8:28 of 1st period - Stopped by Devan Dubnyk without a rebound.
8:29 of 1st period - Tomas Plekanec wins face-off versus David Jones in Lightning zone.
8:53 of 1st period - Icing by Paul Martin.
8:54 of 1st period - Tomas Plekanec wins face-off versus Andrew Cogliano in Canucks zone.
9:13 of 1st period - Shot by Thomas Vanek.
9:13 of 1st period - Shot Misses the Net.
9:15 of 1st period - Shot by Andrew Cogliano.
9:15 of 1st period - Stopped by Cam Talbot without a rebound.
9:16 of 1st period - Reilly Smith wins face-off versus Eric Staal in Canucks zone.
9:37 of 1st period - Shot by Jared Spurgeon.
9:37 of 1st period - Shot Misses the Net.
9:45 of 1st period - Shot by Eric Staal.
9:45 of 1st period - Deflect By Corey Perry.
9:45 of 1st period - Stopped by Cam Talbot with a rebound.
10:32 of 1st period - Dany Heatley is hit by Marc Staal and loses puck.
10:41 of 1st period - Shot by Thomas Vanek.
10:41 of 1st period - Shot Misses the Net.
10:42 of 1st period - Minor Penalty to Marc Staal for Hooking.
10:43 of 1st period - Tomas Plekanec wins face-off versus Eric Staal in Canucks zone.
10:43 of 1st period - Luke Glendening is hit by Eric Staal and loses puck.
11:18 of 1st period - Shot by Greg Amadio.
11:18 of 1st period - Shot Misses the Net.
11:44 of 1st period - Shot by Drew Doughty.
11:44 of 1st period - Shot Blocked by Paul Martin.
11:46 of 1st period - Shot by James Van Riemsdyk.
11:46 of 1st period - Stopped by Cam Talbot without a rebound.
11:47 of 1st period - Andrew Cogliano wins face-off versus Tomas Plekanec in Canucks zone.
12:15 of 1st period - Shot by Thomas Vanek.
12:15 of 1st period - Stopped by Cam Talbot without a rebound.
12:16 of 1st period - Eric Staal wins face-off versus Tomas Plekanec in Canucks zone.
12:25 of 1st period - Luke Glendening is hit by Eric Staal.
12:31 of 1st period - Shot by Esa Lindell.
12:31 of 1st period - Shot Blocked by Paul Martin.
12:37 of 1st period - Shot by Corey Perry.
12:37 of 1st period - Stopped by Cam Talbot without a rebound.
12:38 of 1st period - Eric Staal wins face-off versus Logan Couture in Canucks zone.
12:39 of 1st period - Shot by Drew Doughty.
12:39 of 1st period - Stopped by Cam Talbot without a rebound.
12:40 of 1st period - Logan Couture wins face-off versus Eric Staal in Canucks zone.
12:46 of 1st period - Icing by Blake Comeau.
12:47 of 1st period - Reilly Smith wins face-off versus Eric Fehr in Lightning zone.
13:04 of 1st period - Shot by Blake Comeau.
13:04 of 1st period - Deflect By Eric Fehr.
13:04 of 1st period - Shot Blocked by Marc Staal.
13:47 of 1st period - Shot by Tomas Plekanec.
13:47 of 1st period - Shot Misses the Net.
13:55 of 1st period - Shot by T.J. Oshie.
13:55 of 1st period - Shot Misses the Net.
13:57 of 1st period - Shot by T.J. Oshie.
13:57 of 1st period - Stopped by Devan Dubnyk without a rebound.
13:58 of 1st period - *Nolan Patrick wins face-off versus Andrew Cogliano in Lightning zone.
14:13 of 1st period - Shot by Andrew Cogliano.
14:13 of 1st period - Stopped by Cam Talbot without a rebound.
14:14 of 1st period - Eric Staal wins face-off versus Tomas Plekanec in Canucks zone.
14:19 of 1st period - Shot by Eric Staal.
14:19 of 1st period - Stopped by Cam Talbot without a rebound.
14:20 of 1st period - Eric Staal wins face-off versus Tomas Plekanec in Canucks zone.
14:31 of 1st period - Shot by James Van Riemsdyk.
14:31 of 1st period - Stopped by Cam Talbot without a rebound.
14:32 of 1st period - Elias Lindholm wins face-off versus *Nolan Patrick in Canucks zone.
15:35 of 1st period - Shot by Thomas Vanek.
15:35 of 1st period - Shot Blocked by Jaccob Slavin.
15:37 of 1st period - Shot by Dany Heatley.
15:37 of 1st period - Shot Hit the Post.
15:48 of 1st period - Icing by Marc Staal.
15:49 of 1st period - *Nolan Patrick wins face-off versus Eric Staal in Canucks zone.
16:06 of 1st period - Shot by Corey Perry.
16:06 of 1st period - Stopped by Cam Talbot without a rebound.
16:07 of 1st period - Tomas Plekanec wins face-off versus Eric Fehr in Canucks zone.
16:07 of 1st period - Tomas Plekanec is hit by Eric Fehr.
16:12 of 1st period - Karl Alzner is hit by Greg Amadio and loses puck.
16:17 of 1st period - Shot by T.J. Oshie.
16:17 of 1st period - Stopped by Devan Dubnyk without a rebound.
16:18 of 1st period - Reilly Smith wins face-off versus Eric Staal in Lightning zone.
17:07 of 1st period - Minor Penalty to Eric Staal for Interference.
17:08 of 1st period - Adam Henrique wins face-off versus Eric Fehr in Lightning zone.
17:34 of 1st period - Off-side.
17:35 of 1st period - Logan Couture wins face-off versus Eric Fehr in neutral zone.
17:38 of 1st period - Shot by Karl Alzner.
17:38 of 1st period - Shot Misses the Net.
17:44 of 1st period - Shot by Logan Couture.
17:44 of 1st period - Stopped by Devan Dubnyk with a rebound.
17:46 of 1st period - Shot by Karl Alzner.
17:46 of 1st period - Stopped by Devan Dubnyk without a rebound.
17:47 of 1st period - Eric Fehr wins face-off versus Adam Henrique in Lightning zone.
18:18 of 1st period - Shot by T.J. Oshie.
18:18 of 1st period - Stopped by Devan Dubnyk without a rebound.
18:19 of 1st period - Logan Couture wins face-off versus Sebastian Aho in Lightning zone.
18:30 of 1st period - Shot by Jannik Hansen.
18:30 of 1st period - Deflect By Jordan Eberle.
18:30 of 1st period - Stopped by Devan Dubnyk without a rebound.
18:31 of 1st period - Logan Couture wins face-off versus Eric Fehr in Lightning zone.
Goals for this period are 0 for Lightning vs 0 for Canucks.
Shots for this period are 18 for Lightning vs 14 for Canucks.

2nd period


0:01 of 2nd period - Andrew Cogliano wins face-off versus Tomas Plekanec in neutral zone.
0:18 of 2nd period - Shot by T.J. Oshie.
0:18 of 2nd period - Shot Misses the Net.
0:20 of 2nd period - Shot by Tomas Plekanec.
0:20 of 2nd period - Shot Blocked by Greg Amadio.
0:22 of 2nd period - Shot by Karl Alzner.
0:22 of 2nd period - Deflect By Adam Henrique.
0:22 of 2nd period - Shot Misses the Net.
0:30 of 2nd period - Shot by T.J. Oshie.
0:30 of 2nd period - Shot Misses the Net.
0:41 of 2nd period - Minor Penalty to Greg Amadio for Hooking.
0:42 of 2nd period - Eric Staal wins face-off versus Jannik Hansen in Lightning zone.
2:48 of 2nd period - Icing by Paul Martin.
2:49 of 2nd period - Luke Glendening wins face-off versus Elias Lindholm in Canucks zone.
3:06 of 2nd period - Shot by Elias Lindholm.
3:06 of 2nd period - Shot Misses the Net.
3:08 of 2nd period - Shot by Greg Amadio.
3:08 of 2nd period - Stopped by Cam Talbot without a rebound.
3:09 of 2nd period - Tomas Plekanec wins face-off versus Eric Fehr in Canucks zone.
3:39 of 2nd period - Off-side.
3:40 of 2nd period - Andrew Cogliano wins face-off versus Reilly Smith in neutral zone.
3:46 of 2nd period - Shot by Greg Amadio.
3:46 of 2nd period - Shot Blocked by Karl Alzner.
3:48 of 2nd period - Shot by Dany Heatley.
3:48 of 2nd period - Stopped by Cam Talbot without a rebound.
3:49 of 2nd period - Eric Staal wins face-off versus Reilly Smith in Canucks zone.
3:54 of 2nd period - Shot by Eric Staal.
3:54 of 2nd period - Shot Blocked by Alexander Edler.
3:56 of 2nd period - Shot by Corey Perry.
3:56 of 2nd period - Stopped by Cam Talbot with a rebound.
3:58 of 2nd period - Shot by Corey Perry.
3:58 of 2nd period - Deflect By Eric Staal.
3:58 of 2nd period - Shot Misses the Net.
4:02 of 2nd period - Shot by Eric Staal.
4:02 of 2nd period - Stopped by Cam Talbot without a rebound.
4:03 of 2nd period - Andrew Cogliano wins face-off versus Tomas Plekanec in Canucks zone.
4:14 of 2nd period - Shot by Dany Heatley.
4:14 of 2nd period - Shot Blocked by Adam Henrique.
4:16 of 2nd period - Shot by Dany Heatley.
4:16 of 2nd period - Stopped by Cam Talbot without a rebound.
4:17 of 2nd period - Eric Staal wins face-off versus Reilly Smith in Canucks zone.
4:40 of 2nd period - Shot by James Van Riemsdyk.
4:40 of 2nd period - Shot Blocked by Alexander Edler.
4:42 of 2nd period - Shot by Corey Perry.
4:42 of 2nd period - Goal by Corey Perry - Lightning : 1 - Canucks : 0.
4:43 of 2nd period - Tomas Plekanec wins face-off versus Andrew Cogliano in neutral zone.
4:50 of 2nd period - Shot by T.J. Oshie.
4:50 of 2nd period - Shot Blocked by Thomas Vanek.
5:13 of 2nd period - Thomas Vanek is hit by Marc Staal and loses puck.
5:20 of 2nd period - Shot by Dany Heatley.
5:20 of 2nd period - Shot Blocked by T.J. Oshie.
5:22 of 2nd period - Shot by Andrew Cogliano.
5:22 of 2nd period - Stopped by Cam Talbot without a rebound.
5:23 of 2nd period - Eric Staal wins face-off versus Reilly Smith in Canucks zone.
5:26 of 2nd period - Shot by Eric Staal.
5:26 of 2nd period - Stopped by Cam Talbot without a rebound.
5:27 of 2nd period - Reilly Smith wins face-off versus Eric Staal in Canucks zone.
5:48 of 2nd period - Shot by Karl Alzner.
5:48 of 2nd period - Shot Misses the Net.
5:58 of 2nd period - Shot by Reilly Smith.
5:58 of 2nd period - Stopped by Devan Dubnyk with a rebound.
6:00 of 2nd period - Shot by Jordan Eberle.
6:00 of 2nd period - Shot Misses the Net.
7:15 of 2nd period - T.J. Oshie is hit by Jared Spurgeon and loses puck.
7:22 of 2nd period - Shot by Adam Henrique.
7:22 of 2nd period - Shot Misses the Net.
7:24 of 2nd period - Shot by Tomas Plekanec.
7:24 of 2nd period - Deflect By T.J. Oshie.
7:24 of 2nd period - Stopped by Devan Dubnyk without a rebound.
7:25 of 2nd period - Luke Glendening wins face-off versus Eric Fehr in Lightning zone.
7:33 of 2nd period - Icing by Alexander Edler.
7:34 of 2nd period - Luke Glendening wins face-off versus Elias Lindholm in Canucks zone.
7:41 of 2nd period - Shot by Elias Lindholm.
7:41 of 2nd period - Shot Misses the Net.
8:34 of 2nd period - Minor Penalty to Karl Alzner for Goalie Interference.
8:35 of 2nd period - Logan Couture wins face-off versus Andrew Cogliano in Canucks zone.
9:00 of 2nd period - Shot by Drew Doughty.
9:00 of 2nd period - Shot Blocked by *Nolan Patrick.
9:02 of 2nd period - Shot by James Van Riemsdyk.
9:02 of 2nd period - Shot Misses the Net.
9:16 of 2nd period - Shot by Logan Couture.
9:16 of 2nd period - Shot Blocked by Jared Spurgeon.
9:34 of 2nd period - Shot by Benoit Pouliot.
9:34 of 2nd period - Stopped by Cam Talbot with a rebound.
10:22 of 2nd period - Shot by Jared Spurgeon.
10:22 of 2nd period - Stopped by Cam Talbot without a rebound.
10:23 of 2nd period - Eric Staal wins face-off versus Logan Couture in Canucks zone.
10:30 of 2nd period - Shot by Jared Spurgeon.
10:30 of 2nd period - Shot Misses the Net.
10:39 of 2nd period - Ryan Murray is hit by Jannik Hansen and loses puck.
10:55 of 2nd period - Eric Fehr is hit by Marc Staal and loses puck.
11:07 of 2nd period - Minor Penalty to Marc Staal for Interference.
11:07 of 2nd period - Minor Penalty to Blake Comeau for Hooking.
11:08 of 2nd period - Eric Staal wins face-off versus Reilly Smith in Canucks zone.
11:08 of 2nd period - Eric Staal is hit by Karl Alzner.
11:36 of 2nd period - Shot by Reilly Smith.
11:36 of 2nd period - Stopped by Devan Dubnyk without a rebound.
11:37 of 2nd period - Luke Glendening wins face-off versus James Van Riemsdyk in Lightning zone.
12:13 of 2nd period - Icing by Ron Hainsey.
12:14 of 2nd period - James Van Riemsdyk wins face-off versus *Nolan Patrick in Lightning zone.
13:23 of 2nd period - Ryan Reaves is hit by Eric Fehr and loses puck.
13:37 of 2nd period - Icing by David Jones.
13:38 of 2nd period - Eric Fehr wins face-off versus Tomas Plekanec in Lightning zone.
13:45 of 2nd period - Shot by Ron Hainsey.
13:45 of 2nd period - Shot Misses the Net.
13:47 of 2nd period - Shot by David Jones.
13:47 of 2nd period - Deflect By Blake Comeau.
13:47 of 2nd period - Shot Blocked by Paul Martin.
13:49 of 2nd period - Shot by Ryan Murray.
13:49 of 2nd period - Stopped by Cam Talbot with a rebound.
13:51 of 2nd period - Shot by David Jones.
13:51 of 2nd period - Shot Misses the Net.
14:01 of 2nd period - Shot by Tomas Plekanec.
14:01 of 2nd period - Stopped by Devan Dubnyk without a rebound.
14:02 of 2nd period - Eric Staal wins face-off versus *Nolan Patrick in Lightning zone.
14:19 of 2nd period - Shot by Jannik Hansen.
14:19 of 2nd period - Shot Misses the Net.
14:34 of 2nd period - Alexander Edler is hit by Greg Amadio and loses puck.
15:45 of 2nd period - Shot by T.J. Oshie.
15:45 of 2nd period - Stopped by Devan Dubnyk without a rebound.
15:46 of 2nd period - Elias Lindholm wins face-off versus Luke Glendening in Lightning zone.
16:33 of 2nd period - Off-side.
16:34 of 2nd period - Eric Staal wins face-off versus Tomas Plekanec in neutral zone.
16:47 of 2nd period - Shot by Adam Henrique.
16:47 of 2nd period - Stopped by Devan Dubnyk with a rebound.
16:49 of 2nd period - Shot by Adam Henrique.
16:49 of 2nd period - Stopped by Devan Dubnyk without a rebound.
16:50 of 2nd period - Eric Fehr wins face-off versus Reilly Smith in Lightning zone.
16:50 of 2nd period - Eric Fehr is hit by Logan Couture.
17:13 of 2nd period - Icing by Jared Spurgeon.
17:14 of 2nd period - Eric Fehr wins face-off versus Tomas Plekanec in Lightning zone.
17:14 of 2nd period - Eric Fehr is hit by Adam Henrique.
17:22 of 2nd period - Shot by Tomas Plekanec.
17:22 of 2nd period - Stopped by Devan Dubnyk without a rebound.
17:23 of 2nd period - Andrew Cogliano wins face-off versus Tomas Plekanec in Lightning zone.
17:28 of 2nd period - T.J. Oshie is hit by Dany Heatley and loses puck.
18:39 of 2nd period - Icing by Jaccob Slavin.
18:40 of 2nd period - Reilly Smith wins face-off versus Eric Staal in Canucks zone.
19:02 of 2nd period - Off-side.
19:03 of 2nd period - *Nolan Patrick wins face-off versus Elias Lindholm in neutral zone.
19:27 of 2nd period - Shot by Benoit Pouliot.
19:27 of 2nd period - Shot Misses the Net.
19:29 of 2nd period - Shot by Ron Hainsey.
19:29 of 2nd period - Stopped by Cam Talbot without a rebound.
19:30 of 2nd period - Eric Staal wins face-off versus Tomas Plekanec in Canucks zone.
19:38 of 2nd period - James Van Riemsdyk is hit by Alexander Edler and loses puck.
Goals for this period are 1 for Lightning vs 0 for Canucks.
Shots for this period are 12 for Lightning vs 8 for Canucks.

3rd period


0:01 of 3rd period - Reilly Smith wins face-off versus Eric Staal in neutral zone.
0:10 of 3rd period - Drew Doughty is hit by Alexander Edler and loses puck.
0:33 of 3rd period - Shot by Jordan Eberle.
0:33 of 3rd period - Shot Misses the Net.
1:23 of 3rd period - Shot by T.J. Oshie.
1:23 of 3rd period - Stopped by Devan Dubnyk without a rebound.
1:24 of 3rd period - Eric Fehr wins face-off versus *Nolan Patrick in Lightning zone.
1:29 of 3rd period - *Nolan Patrick is hit by Blake Comeau and loses puck.
1:36 of 3rd period - Shot by Blake Comeau.
1:36 of 3rd period - Shot Misses the Net.
1:45 of 3rd period - *Nolan Patrick is hit by Greg Amadio and loses puck.
1:57 of 3rd period - Off-side.
1:58 of 3rd period - Andrew Cogliano wins face-off versus Reilly Smith in neutral zone.
2:08 of 3rd period - Icing by Alexander Edler.
2:09 of 3rd period - Eric Staal wins face-off versus Jordan Eberle in Canucks zone.
2:31 of 3rd period - Alexander Edler is hit by Eric Staal and loses puck.
3:05 of 3rd period - Icing by Drew Doughty.
3:06 of 3rd period - Tomas Plekanec wins face-off versus Eric Staal in Lightning zone.
3:06 of 3rd period - Tomas Plekanec is hit by Drew Doughty.
3:29 of 3rd period - T.J. Oshie is hit by Drew Doughty and loses puck.
3:33 of 3rd period - Minor Penalty to Drew Doughty for Cross-checking.
3:34 of 3rd period - Eric Fehr wins face-off versus Logan Couture in Lightning zone.
4:25 of 3rd period - Icing by Jaccob Slavin.
4:26 of 3rd period - Eric Staal wins face-off versus Adam Henrique in Canucks zone.
4:56 of 3rd period - Icing by Reilly Smith.
4:57 of 3rd period - Eric Staal wins face-off versus Adam Henrique in Canucks zone.
5:33 of 3rd period - Icing by Ron Hainsey.
5:34 of 3rd period - Elias Lindholm wins face-off versus *Nolan Patrick in Lightning zone.
6:14 of 3rd period - Icing by Jared Spurgeon.
6:15 of 3rd period - Luke Glendening wins face-off versus Elias Lindholm in Lightning zone.
6:30 of 3rd period - Shot by Jaccob Slavin.
6:30 of 3rd period - Stopped by Devan Dubnyk without a rebound.
6:31 of 3rd period - Andrew Cogliano wins face-off versus Reilly Smith in Lightning zone.
6:37 of 3rd period - Shot by Thomas Vanek.
6:37 of 3rd period - Stopped by Cam Talbot with a rebound.
7:41 of 3rd period - Shot by Corey Perry.
7:41 of 3rd period - Shot Blocked by Jaccob Slavin.
7:43 of 3rd period - Shot by James Van Riemsdyk.
7:43 of 3rd period - Deflect By Eric Staal.
7:43 of 3rd period - Shot Misses the Net.
7:45 of 3rd period - Shot by Greg Amadio.
7:45 of 3rd period - Stopped by Cam Talbot without a rebound.
7:46 of 3rd period - *Nolan Patrick wins face-off versus David Jones in Canucks zone.
7:46 of 3rd period - *Nolan Patrick is hit by Blake Comeau.
8:00 of 3rd period - Eric Fehr is hit by Jannik Hansen and loses puck.
8:22 of 3rd period - Icing by Paul Martin.
8:23 of 3rd period - James Van Riemsdyk wins face-off versus *Nolan Patrick in Canucks zone.
8:28 of 3rd period - Shot by Corey Perry.
8:28 of 3rd period - Shot Misses the Net.
8:31 of 3rd period - Icing by Jannik Hansen.
8:32 of 3rd period - Andrew Cogliano wins face-off versus *Nolan Patrick in Canucks zone.
8:33 of 3rd period - Shot by Dany Heatley.
8:33 of 3rd period - Shot Blocked by Adam McQuaid.
9:02 of 3rd period - Shot by Dany Heatley.
9:02 of 3rd period - Shot Misses the Net.
9:12 of 3rd period - Shot by Reilly Smith.
9:12 of 3rd period - Shot Misses the Net.
9:14 of 3rd period - Shot by Jaccob Slavin.
9:14 of 3rd period - Shot Blocked by Greg Amadio.
9:32 of 3rd period - Shot by Jordan Eberle.
9:32 of 3rd period - Deflect By Reilly Smith.
9:32 of 3rd period - Shot Blocked by Greg Amadio.
9:34 of 3rd period - Shot by Jaccob Slavin.
9:34 of 3rd period - Shot Misses the Net.
9:43 of 3rd period - Icing by Dany Heatley.
9:44 of 3rd period - Tomas Plekanec wins face-off versus Andrew Cogliano in Lightning zone.
10:12 of 3rd period - Adam Henrique is hit by Greg Amadio.
10:22 of 3rd period - Shot by Adam Henrique.
10:22 of 3rd period - Shot Misses the Net.
11:10 of 3rd period - Shot by *Nolan Patrick.
11:10 of 3rd period - Shot Misses the Net.
12:05 of 3rd period - Icing by Ron Hainsey.
12:06 of 3rd period - Tomas Plekanec wins face-off versus Eric Staal in Lightning zone.
12:07 of 3rd period - Shot by Alexander Edler.
12:07 of 3rd period - Shot Misses the Net.
12:29 of 3rd period - Alexander Edler is hit by Eric Staal and loses puck.
12:43 of 3rd period - Minor Penalty to Drew Doughty for Holding.
12:44 of 3rd period - Eric Staal wins face-off versus Logan Couture in Lightning zone.
13:04 of 3rd period - Shot by Jordan Eberle.
13:04 of 3rd period - Goal by Jordan Eberle - Lightning : 1 - Canucks : 1.
13:05 of 3rd period - Luke Glendening wins face-off versus Elias Lindholm in neutral zone.
14:15 of 3rd period - Off-side.
14:16 of 3rd period - James Van Riemsdyk wins face-off versus Reilly Smith in neutral zone.
14:38 of 3rd period - Icing by James Van Riemsdyk.
14:39 of 3rd period - Tomas Plekanec wins face-off versus Eric Staal in Lightning zone.
14:49 of 3rd period - Alexander Edler is hit by Eric Staal and loses puck.
15:06 of 3rd period - Shot by T.J. Oshie.
15:06 of 3rd period - Deflect By Adam Henrique.
15:06 of 3rd period - Stopped by Devan Dubnyk with a rebound.
15:08 of 3rd period - Shot by T.J. Oshie.
15:08 of 3rd period - Stopped by Devan Dubnyk without a rebound.
15:09 of 3rd period - Reilly Smith wins face-off versus Eric Fehr in Lightning zone.
15:13 of 3rd period - Icing by Drew Doughty.
15:14 of 3rd period - Eric Fehr wins face-off versus Reilly Smith in Lightning zone.
15:47 of 3rd period - Shot by Drew Doughty.
15:47 of 3rd period - Shot Misses the Net.
16:09 of 3rd period - Shot by Eric Staal.
16:09 of 3rd period - Stopped by Cam Talbot with a rebound.
16:14 of 3rd period - Jaccob Slavin is hit by Eric Staal and loses puck.
16:35 of 3rd period - Shot by James Van Riemsdyk.
16:35 of 3rd period - Shot Misses the Net.
16:38 of 3rd period - Icing by Karl Alzner.
16:39 of 3rd period - Andrew Cogliano wins face-off versus Tomas Plekanec in Canucks zone.
16:39 of 3rd period - Minor Penalty to Alexander Edler for Roughing.
16:40 of 3rd period - Tomas Plekanec wins face-off versus Andrew Cogliano in Canucks zone.
16:51 of 3rd period - Paul Martin is hit by Andrew Cogliano and loses puck.
17:10 of 3rd period - Shot by James Van Riemsdyk.
17:10 of 3rd period - Shot Blocked by Karl Alzner.
17:55 of 3rd period - Shot by Greg Amadio.
17:55 of 3rd period - Shot Misses the Net.
18:17 of 3rd period - Shot by James Van Riemsdyk.
18:17 of 3rd period - Shot Misses the Net.
18:49 of 3rd period - Shot by Adam Henrique.
18:49 of 3rd period - Stopped by Devan Dubnyk with a rebound.
18:51 of 3rd period - Shot by Tomas Plekanec.
18:51 of 3rd period - Stopped by Devan Dubnyk without a rebound.
18:52 of 3rd period - Eric Fehr wins face-off versus Luke Glendening in Lightning zone.
18:52 of 3rd period - Eric Fehr is hit by Ryan Reaves.
19:02 of 3rd period - Eric Fehr is hit by Ryan Reaves and loses puck.
19:09 of 3rd period - Shot by Luke Glendening.
19:09 of 3rd period - Stopped by Devan Dubnyk without a rebound.
19:10 of 3rd period - Tomas Plekanec wins face-off versus Elias Lindholm in Lightning zone.
19:17 of 3rd period - Shot by T.J. Oshie.
19:17 of 3rd period - Shot Misses the Net.
Goals for this period are 0 for Lightning vs 1 for Canucks.
Shots for this period are 3 for Lightning vs 8 for Canucks.

Overtime #1


0:01 of 1st overtime period - Eric Staal wins face-off versus Logan Couture in neutral zone.
0:10 of 1st overtime period - Shot by Eric Staal.
0:10 of 1st overtime period - Stopped by Cam Talbot without a rebound.
0:11 of 1st overtime period - Logan Couture wins face-off versus Dany Heatley in Canucks zone.
0:23 of 1st overtime period - Shot by Eric Staal.
0:23 of 1st overtime period - Shot Misses the Net.
0:33 of 1st overtime period - Shot by Jordan Eberle.
0:33 of 1st overtime period - Shot Blocked by Jared Spurgeon.
0:35 of 1st overtime period - Shot by Jordan Eberle.
0:35 of 1st overtime period - Shot Misses the Net.
0:42 of 1st overtime period - Icing by Jared Spurgeon.
0:43 of 1st overtime period - Adam Henrique wins face-off versus Dany Heatley in Lightning zone.
1:00 of 1st overtime period - Shot by Adam Henrique.
1:00 of 1st overtime period - Stopped by Devan Dubnyk without a rebound.
1:01 of 1st overtime period - Logan Couture wins face-off versus Thomas Vanek in Lightning zone.
1:01 of 1st overtime period - Logan Couture is hit by Drew Doughty.
1:35 of 1st overtime period - Shot by Karl Alzner.
1:35 of 1st overtime period - Shot Blocked by Drew Doughty.
1:37 of 1st overtime period - Shot by Logan Couture.
1:37 of 1st overtime period - Shot Blocked by Drew Doughty.
1:39 of 1st overtime period - Shot by Logan Couture.
1:39 of 1st overtime period - Shot Misses the Net.
1:41 of 1st overtime period - Shot by T.J. Oshie.
1:41 of 1st overtime period - Shot Misses the Net.
2:10 of 1st overtime period - Shot by Jordan Eberle.
2:10 of 1st overtime period - Goal by Jordan Eberle - Lightning : 1 - Canucks : 2.
Goals for this period are 0 for Lightning vs 1 for Canucks.
Shots for this period are 1 for Lightning vs 2 for Canucks.